 Dungeon Crawl Stone Soup version 0.32-a0-953-g508020473e (webtiles) character file.

Game seed: 6187363713801783697

6473 Aldia the Toxicologist (level 11, -3/72 HPs)
             Began as an Octopode Alchemist on Apr 16, 2024.
             Was a Believer of Vehumet.
             Slain by an elephant (6 damage)
             ... on level 9 of the Dungeon.
             The game lasted 00:19:00 (8480 turns).

Aldia the Toxicologist (Octopode Alchemist)         Turns: 8480, Time: 00:19:00

Health: -3/72      AC:  5    Str:  7    XL:     11   Next: 0%
Magic:  17/21      EV: 15    Int: 22    God:    Vehumet [**....]
Gold:   4          SH:  5    Dex: 19    Spells: 7/24 levels left

rFire   + + .        g - +4 dagger
rCold   . . .        l - +0 buckler
rNeg    + . .        (helmet currently unavailable)
rPois   .            C - amulet "Ecuj" {rElec rF+ Regen+}
rElec   +            k - +6 ring of dexterity
rCorr   .            p - ring of see invisible
SInv    +            w - ring of positive energy
Will    .....        v - ring of wizardry
Stlth   ++++         A - +4 ring of protection
HPRegen 1.12/turn    B - ring of protection from cold
MPRegen 0.17/turn    o - ring of fire
                     (no ring)

%: wizardry (x1)
@: lethally poisoned (-3 -> -3), beast-form, slowed, very slow
A: beast (slay +0), almost no armour, amphibious, 8 rings, camouflage 1,
gelatinous body 1, (nimble swimmer 1), tentacles
a: Begin Untransformation, Renounce Religion


You were on level 9 of the Dungeon.
You worshipped Vehumet.
Vehumet was pleased with you.
You were a hulking beast.
You visited 2 branches of the dungeon, and saw 10 of its levels.

You collected 565 gold pieces.
You spent 561 gold pieces at shops.

Inventory:

Hand Weapons
 e - a +0 dagger of holy wrath
 g - a +4 dagger (weapon)
 j - a +2 vampiric whip
 s - a +1 whip of venom
Missiles
 m - 2 throwing nets
Armour
 l - a +0 buckler (worn)
Magical Staves
 f - a staff of death
Jewellery
 k - a +6 ring of dexterity (left tentacle)
 o - a ring of fire (on tentacle)
 p - a ring of see invisible (right tentacle)
 v - a ring of wizardry (on tentacle)
 w - a ring of positive energy (on tentacle)
 A - a +4 ring of protection (on tentacle)
 B - a ring of protection from cold (on tentacle)
 C - the amulet "Ecuj" (around mantle) {rElec rF+ Regen+}
   (You bought it in a shop on level 6 of the Dungeon)

   [amulet of regeneration]

   rF+:       It protects you from fire.
   rElec:     It insulates you from electricity.
   Regen+:    It increases your rate of health regeneration.
Talismans
 b - a beast talisman (active)
Wands
 q - a wand of light (8)
 y - a wand of iceblast (9)
Scrolls
 c - 2 scrolls of fog
 d - 2 scrolls of teleportation
 h - 3 scrolls of poison
 n - a scroll of noise
 u - a scroll of amnesia
 x - a scroll of blinking
Potions
 a - 3 potions of magic
 i - a potion of attraction
 t - 3 potions of curing
 z - a potion of berserk rage
 D - a potion of might {unknown}
 E - a potion of haste {unknown}


   Skills:
 + Level 6.2 Fighting
 + Level 6.4 Dodging
 - Level 3.0 Stealth
 - Level 4.0 Shields
 - Level 7.0 Spellcasting
 * Level 4.8 Conjurations
 + Level 5.7 Fire Magic
 - Level 2.0 Air Magic
 - Level 3.0 Earth Magic
 - Level 8.0 Alchemy


You had 7 spell levels left.
You knew the following spells:

 Your Spells              Type           Power      Damage    Failure   Level
a - Sting                 Conj/Alch      100%       1d9       1%          1
b - Mercury Vapours       Alch/Air       58%        N/A       1%          2
c - Mephitic Cloud        Conj/Alch/Air  29%        N/A       1%          3
d - Olgreb's Toxic Radia  Alch           42%        N/A       1%          4
e - Sticky Flame          Fire/Alch      54%        2d10      3%          4
f - Stone Arrow           Conj/Erth      48%        3d10      3%          3

Your spell library contained the following spells:

 Spells                   Type           Power      Damage    Failure   Level
 Frozen Ramparts          Ice            14%        1d3       16%         3
 Sandblast                Erth           40%        2d10      1%          1
 Passwall                 Erth           20%        N/A       4%          3
 Ensorcelled Hibernation  Hex/Ice        14%        N/A       8%          2
 Fugue of the Fallen      Necr           7%         N/A       16%         3
 Anguish                  Hex/Necr       3%         N/A       43%         4


Dungeon Overview and Level Annotations

Branches:
Dungeon (9/15)             Temple (1/1) D:7            Lair (0/5) D:9
    Orc: D:9-12

Altars:
Cheibriados
Dithmenos
Elyvilon
Fedhas
Gozag
Hepliaklqana
Kikubaaqudgha
Makhleb
Nemelex Xobeh
Okawaru
Qazlal
Ru
Sif Muna
Trog
Vehumet
Wu Jian
Xom
Yredelemnul
Zin
The Shining One

Shops:
D:2 (   D:5 [   D:6 =   D:8 *

Annotations:
D:4 exclusion: water moccasin
D:5 1 runed translucent door, Crazy Yiuf


Innate Abilities, Weirdness & Mutations

You are a hulking beast.
Your limbs bulge with bestial killing power. (Slay +0)
You cannot wear most types of armour.
You are amphibious.
You can wear up to eight rings at the same time.
Your skin changes colour to match your surroundings (Stealth+).
Your rubbery body absorbs attacks. (AC +1, EV +1)
((You are camouflaged when in or above water. (Stealth+)))
You have tentacles for arms and can constrict up to eight enemies at once.


Message History

The elephant tramples you!
* * * LOW HITPOINT WARNING * * *
You are shoved backwards!
You kill the black bear!
Vehumet accepts your kill.
You feel your power returning. The elephant tramples you!
* * * LOW HITPOINT WARNING * * *
You are shoved backwards!
You have reached level 11!
The elephant tramples you.
* * * LOW HITPOINT WARNING * * *
You are shoved backwards!
You turn to flesh and can move again.
Unknown command.
Unknown command.
Unknown command.
Unknown command.
Okay, then.
Okay, then.
Casting: Olgreb's Toxic Radiance (dangerous; 1% risk of failure)
Confirm with . or Enter, or press ? or * to list all spells.
Aiming: Sticky Flame (dangerous; 3% risk of failure)
Press: ? - help, Shift-Dir - straight line, f - elephant
Aim: an elephant (lightly wounded)
You feel a surge of power!
The sticky flame hits the elephant!
The elephant is moderately wounded.
You feel sick.
The elephant burns! x2; You block the elephant's attack.
The elephant misses you.
Unknown command.
Unknown command.
Unknown command.
You hit the elephant but do no damage.
The elephant is heavily wounded.
You feel sick.
The elephant burns! x2; The kobold brigand looks more healthy.
The elephant tramples you!
* * * LOW HITPOINT WARNING * * *
You hold your ground!
The elephant trunk-slaps you but does no damage.
The elephant tramples you.
You die...

### .... ....##
......#####
.......#..#
.....P..#.###
.>$....†.KYh#
.......†###.#..
###### .......##
#.#.# #....#
.)....# #.#.#
#.##.# ....##
#.#.# #.##.#
#..########.#.#
#.##.#
##..........#.#
######....# #
########.#.#
#......#.##
#.#.####.#.....<..


You could see an elephant (burning) and a kobold brigand.

Vanquished Creatures
  A deep elf pyromancer (D:7)
  A troll (D:7)
  Prince Ribbit (D:6)
  2 wyverns
  6 yaks (D:8)
  A basilisk (D:9)
  Menkaure (D:5)
  Edmund (D:5)
  An acid dragon (D:7)
  4 water moccasins (D:6)
  3 orc warriors (D:8)
  4 sky beasts
  3 ice beasts
  A black bear (D:9)
  2 ogres
  2 phantoms
  4 bullfrogs
  A scorpion (D:5)
  2 gnoll sergeants
  7 wights
  An electric eel (D:8)
  3 bombardier beetles
  2 howler monkeys
  3 jellies (D:7)
  5 orc priests
  5 hounds
  7 sleepcaps
  4 iguanas
  A gnoll bouda (D:5)
  5 orc wizards
  6 adders
  12 gnolls
  3 white imps (D:7)
  4 ufetubi (D:6)
  5 dart slugs
  2 ribbon worms
  34 orcs
  4 endoplasms
  2 giant cockroaches
  6 goblins
  5 hobgoblins
  11 jackals
  13 kobolds
  8 ball pythons
  7 bats
  5 frilled lizards
  3 rats
214 creatures vanquished.

Notes
Turn   | Place    | Note
-------+----------+-------------------------------------------
     0 | D:1      | Aldia the Octopode Alchemist began the quest for the Orb.
     0 | D:1      | Reached XP level 1. HP: 11/11 MP: 3/3
   193 | D:1      | Reached XP level 2. HP: 17/17 MP: 0/5
   200 | D:1      | Learned a level 2 spell: Mercury Vapours
   813 | D:1      | Reached XP level 3. HP: 22/22 MP: 1/6
   817 | D:1      | Learned a level 3 spell: Mephitic Cloud
  1365 | D:2      | Reached skill level 4 in Alchemy
  1431 | D:2      | Reached skill level 1 in Fighting
  1532 | D:2      | Reached skill level 1 in Air Magic
  1556 | D:2      | Reached XP level 4. HP: 28/28 MP: 7/7
  1556 | D:2      | Found Neunoc's Antique Weapon Shop.
  1985 | D:2      | Reached XP level 5. HP: 33/33 MP: 3/9
  2656 | D:3      | Reached skill level 1 in Shields
  3050 | D:4      | Found a radiant altar of Vehumet.
  3110 | D:4      | Found an iron altar of Okawaru.
  3115 | D:4      | Reached XP level 6. HP: 38/38 MP: 10/10
  3348 | D:4      | Noticed a water moccasin
  3432 | D:4      | Reached skill level 5 in Alchemy
  3466 | D:4      | Learned a level 4 spell: Olgreb's Toxic Radiance
  3721 | D:5      | Entered Level 5 of the Dungeon
  3721 | D:5      | Noticed an ice beast
  3755 | D:5      | Noticed Edmund
  3772 | D:5      | Killed Edmund
  3868 | D:5      | Reached XP level 7. HP: 18/45 MP: 6/12
  4004 | D:5      | Found a white marble altar of Elyvilon.
  4042 | D:5      | Found a runed translucent door.
  4043 | D:5      | Noticed Crazy Yiuf
  4147 | D:5      | Reached skill level 6 in Alchemy
  4151 | D:5      | Identified the +7 chain mail of Makhleb's Regard {-Cast
                  | rCorr Dex+5 SInv}
  4178 | D:5      | HP: 1/45 [ice beast (6)]
  4322 | D:5      | Found Usonuogi's Antique Armour Shop.
  4414 | D:5      | Noticed Menkaure
  4425 | D:5      | Killed Menkaure
  4426 | D:5      | Reached XP level 8. HP: 52/52 MP: 14/14
  4474 | D:5      | Reached skill level 7 in Alchemy
  4479 | D:5      | Learned a level 4 spell: Sticky Flame
  4953 | D:4      | Became a worshipper of Vehumet
  5040 | D:6      | Reached skill level 1 in Fire Magic
  5341 | D:6      | Reached skill level 5 in Spellcasting
  5342 | D:6      | Reached XP level 9. HP: 4/57 MP: 4/16
  5576 | D:6      | Found Meckoer's Jewellery Boutique.
  5576 | D:6      | Noticed Prince Ribbit
  5584 | D:6      | Killed Prince Ribbit
  6119 | D:6      | Learned a level 3 spell: Stone Arrow
  6147 | D:7      | Reached * piety under Vehumet
  6147 | D:7      | Offered knowledge of Kiss of Death by Vehumet.
  6327 | D:7      | Reached skill level 5 in Fire Magic
  6657 | D:7      | Found a bloodstained altar of Trog.
  6661 | D:7      | Reached skill level 1 in Earth Magic
  6777 | D:7      | Found a staircase to the Ecumenical Temple.
  6824 | Temple   | Entered the Ecumenical Temple
  6866 | D:7      | Noticed a deep elf pyromancer
  6885 | D:7      | Killed a deep elf pyromancer
  6885 | D:7      | Offered knowledge of Foxfire by Vehumet.
  6886 | D:7      | Reached skill level 5 in Dodging
  6886 | D:7      | Reached skill level 8 in Alchemy
  6886 | D:7      | Reached XP level 10. HP: 35/65 MP: 10/20
  6886 | D:7      | Reached ** piety under Vehumet
  6972 | D:7      | Reached skill level 5 in Fighting
  8090 | D:8      | Offered knowledge of Frozen Ramparts by Vehumet.
  8186 | D:8      | Found Vyliu's General Store.
  8258 | D:6      | Bought the amulet "Ecuj" {rElec rF+ Regen+} for 561 gold
                  | pieces
  8464 | D:9      | Found a staircase to the Lair.
  8466 | D:9      | Noticed an elephant
  8478 | D:9      | Reached XP level 11. HP: 12/72 MP: 21/21
  8480 | D:9      | HP: 3/72 [elephant (8)]
  8480 | D:9      | Slain by an elephant

Illustrated notes

Levels and vault maps discovered:
D:1:      dpeg_arrival_erosion, layout_basic, serial_co_window_serial,
          co_window_of_opportunity_a, co_window_paths_a, co_window_corner_a,
          co_window_corner_a, co_window_paths_a, co_window_paths_a,
          co_window_paths_a, co_window_corner_a, co_window_paths_a,
          co_window_paths_c, co_window_corner_cb, co_window_2corner,
          co_window_paths_c, co_window_broadway_c, co_window_4corner_b,
          glass_columns_b, glass_columns_b, glass_columns_b, glass_columns_a,
          glass_columns_a, minmay_cut_off
D:2:      layout_basic, serial_shops, shop, small_statue_intersection
D:3:      minmay_door_path, layout_rooms
D:4:      layout_cave_pools, jmf_multi_god_temple2
D:5:      layout_rooms, mainiacjoe_overflow_paths, serial_shops,
          nicolae_shop_temple_entry_statues_fountains, sigmund_army,
          uniq_menkaure, uniq_edmund, uniq_crazy_yiuf_cottage
D:6:      layout_layer_cave, serial_shops, nicolae_shop_hallway_stairs,
          wad_floor_pattern_2, uniq_prince_ribbit1
D:7:      minmay_chambers_of_sixes, layout_basic,
          minmay_temple_entry_glassed_door, minmay_ruined_shrine
D:8:      layout_rooms, serial_shops, nicolae_shop_gibbet_a_chance, minivault_14
D:9:      layout_basic, old_standard_altar, eat_drink_and_be_merry_uskayaw,
          david_lair_generic, hangedman_corner_corridor
Temple:   minmay_temple_bridge_d

Skill      XL: |  1  2  3  4  5  6  7  8  9 10 |
---------------+-------------------------------+-----
Stealth        | 3 |  3.0
Alchemy        | 4 5 6 7 8 |  8.0
Fighting       | 1 2 3 4 6 |  6.2
Air Magic      | 1 2 |  2.0
Shields        | 1 2 3 4 |  4.0
Conjurations   | 2 4 |  4.8
Spellcasting   | 3 4 5 6 7 |  7.0
Fire Magic     | 3 5 |  5.7
Dodging        | 3 5 6 |  6.4
Earth Magic    | 2 3 |  3.0

Action                     |  1- 3 |  4- 6 |  7- 9 | 10-12 || total
---------------------------+-------+-------+-------+-------++-------
  Melee: Unarmed           |     2 |       |       |       ||     2
         Constrict         |     9 |    16 |    25 |    10 ||    60
         Short sword       |     1 |       |       |       ||     1
         Dagger            |    37 |    57 |    96 |    42 ||   232
         Tentacles         |     3 |     6 |    39 |    16 ||    64
         Whip              |       |       |    29 |       ||    29
   Cast: Sting             |    34 |    52 |    43 |    10 ||   139
         Mercury Vapours   |     1 |     3 |       |       ||     4
         Mephitic Cloud    |       |     2 |     1 |     5 ||     8
         Olgreb's Toxic Ra |       |       |    14 |    12 ||    26
         Sticky Flame      |       |       |    14 |     7 ||    21
         Stone Arrow       |       |       |       |    18 ||    18
    Use: Scroll            |       |     9 |     4 |     2 ||    15
         Potion            |       |       |       |     1 ||     1
   Stab: Sleeping          |     9 |    19 |     8 |     1 ||    37
         Distracted        |       |       |     1 |       ||     1
         Confused          |       |       |       |     2 ||     2
 Armour: Skin              |    18 |    30 |    77 |    59 ||   184
  Dodge: Dodged            |    31 |    28 |    76 |    39 ||   174
  Block: Buckler           |       |     9 |    37 |    16 ||    62
   Form: Beast             |     1 |       |       |       ||     1

Table legend: (Time is in decaauts)
 A = Elapsed time spent in this place.
 B = Non-inter-level travel time spent in this place.
 C = Inter-level travel time spent in this place.
 D = Time resting spent in this place.
 E = Time spent auto-exploring this place.
 F = Levels seen in this place.
 G = Mean time per level.
                   A        B        C        D        E       F      G
               +--------+--------+--------+--------+--------+-----+--------+
         Total |   8499 |   7909 |    590 |    365 |   6076 |  10 |  849.9 |
       Dungeon |   8497 |   7907 |    590 |    365 |   6076 |   9 |  944.1 |
        Temple |      1 |      1 |      0 |      0 |      0 |   1 |    1.0 |
               +--------+--------+--------+--------+--------+-----+--------+

Top non-repeatable levels by time:
     D:7: 1421 daAuts
     D:1: 1355 daAuts
     D:5: 1126 daAuts
     D:6: 1098 daAuts
     D:2: 1010 daAuts
     D:4: 897 daAuts
     D:8: 839 daAuts
     D:3: 675 daAuts
     D:9: 73 daAuts
  Temple: 1 daAuts
